 Dungeon Crawl Stone Soup version 0.28-a0-1518-gbe868bca14 (webtiles) character file.

Game seed: 7909090931109811742

1234 knot the Chopper (level 8, 58/58 HPs)
             Began as a Demonspawn Berserker on Jan 17, 2022.
             Was a Priest of Trog.
             Quit the game on level 6 of the Dungeon.
             The game lasted 00:05:36 (7711 turns).

knot the Chopper (Demonspawn Berserker)             Turns: 7711, Time: 00:05:37

Health: 58/58      AC: 16    Str: 27    XL:     8   Next: 24%
Magic:  8/8        EV: 10    Int: 15    God:    Trog [***...]
Gold:   364        SH:  0    Dex:  9    Spells: 7/7 levels left

rFire   + + .      SeeInvis .   a - +0 hand axe
rCold   + . .      Faith    .   (no shield)
rNeg    + . .      Spirit   +   w - +6 scale mail of the Accordion {rF++ rC+ rN+ Dex-3}
rPois   .          Reflect  .   (no helmet)
rElec   .          Harm     .   o - +0 cloak
rCorr   .          Rampage  .   r - +1 pair of gloves
Will    +....                   i - +0 pair of boots
Stlth   ..........              (no amulet)
HPRegen 0.19/turn               d - ring of flight
MPRegen 0.22/turn               v - ring of Zuapaa Ugod {Will+ Str+9 Slay+2}

@: flying
A: claws 1, magic shield, magic regeneration, big brain 2, demonic magic 1
a: Renounce Religion, Berserk, Trog's Hand


You were on level 6 of the Dungeon.
You worshipped Trog.
Trog was most pleased with you.
You visited 1 branch of the dungeon, and saw 6 of its levels.

You collected 364 gold pieces.

Inventory:

Hand Weapons
 a - a +0 hand axe (weapon)
 k - a +0 dagger of venom
Missiles
 f - 181 stones
 l - 5 poisoned darts (quivered)
 z - 4 boomerangs
Armour
 i - a +0 pair of boots (worn)
 o - a +0 cloak (worn)
 r - a +1 pair of gloves (worn)
 w - the +6 scale mail of the Accordion (worn) {rF++ rC+ rN+ Dex-3}
   (You found it on level 5 of the Dungeon)

   Dex:       It affects your dexterity (-3).
   rF:        It greatly protects you from fire.
   rC:        It protects you from cold.
   rN:        It protects you from negative energy.
Jewellery
 d - a ring of flight (left hand)
 v - the ring of Zuapaa Ugod (right hand) {Will+ Str+9 Slay+2}
   (You found it on level 4 of the Dungeon)

   [ring of willpower]

   Str:       It affects your strength (+9).
   Slay:      It affects your accuracy & damage with ranged weapons and melee
   (+2).
   Will:      It increases your willpower.
Wands
 x - a wand of flame (24)
Scrolls
 e - a scroll of teleportation {unknown}
 g - 2 scrolls of fear {unknown}
 m - a scroll of fog {unknown}
 n - 4 scrolls of identify {unknown}
 u - a scroll of enchant weapon {unknown}
 y - a scroll of immolation {unknown}
 B - a scroll of enchant armour {unknown}
Potions
 b - a potion of mutation {unknown}
 c - a potion of invisibility {unknown}
 h - 2 potions of magic {unknown}
 j - a potion of attraction {unknown}
 p - a potion of haste {unknown}
 q - a potion of curing {unknown}
 s - a potion of heal wounds {unknown}
 t - 2 potions of cancellation {unknown}
 A - a potion of might {unknown}


   Skills:
 - Level 3.0 Fighting
 * Level 7.4 Axes
 * Level 5.8 Throwing
 - Level 1.7 Armour
 - Level 1.7 Dodging


You had 7 spell levels left.
You didn't know any spells.
Your spell library contained the following spells:

 Spells                   Type           Power      Damage    Failure   Level
 Blink                    Tloc           0%         N/A       67%         2
 Static Discharge         Conj/Air       0%         N/A       67%         2
 Dispel Undead            Necr           0%         3d6       99%         4
 Sticky Flame             Conj/Fire      0%         2d3       99%         4
 Manifold Assault         Tloc           0%         N/A       100%        5
 Storm Form               Tmut/Air       0%         N/A       100%        7


Dungeon Overview and Level Annotations

Branches:
Dungeon (6/15)             Temple (0/1) D:4

Altars:
Uskayaw
Xom

Shops:
D:3 [   D:4 :=(*!


Innate Abilities, Weirdness & Mutations

You have sharp fingernails.
When hurt, damage is shared between your health and your magic reserves.
You regenerate magic rapidly.
You have an extremely huge brain. (Int +4)
Spells you cast may paralyse adjacent enemies.


Message History

The hound is severely wounded.
You slash the jelly! The acid corrodes you!
Your hands burn!
The hound bites you but does no damage. The jelly hits you but does no damage.
You hit the hound.
The hound is almost dead.
You hit the jelly but do no damage.
Your hands burn!
The hound bites you but does no damage. The jelly misses you.
The hound bites you but does no damage.
You hit the hound but do no damage.
The hound is almost dead.
You hit the jelly.
Your hands burn!
The hound bites you but does no damage. The jelly hits you but does no damage.
You slash the hound!
You kill the hound!
Trog accepts your kill.
You hit the jelly but do no damage. The acid corrodes you!
Your hands burn!
The jelly hits you but does no damage.
You hit the jelly but do no damage.
Your hands burn!
The jelly is almost dead.
You hit the jelly.
Your hands burn!
The jelly is almost dead.
The jelly barely misses you.
You hit the jelly but do no damage. The acid corrodes you!
Your hands burn!
The jelly is almost dead.
The jelly hits you.
You are splashed with acid!
You are too injured to fight recklessly!
You are too injured to fight recklessly!
You are too injured to fight recklessly!
You are too injured to fight recklessly!
You hit the jelly.
You kill the jelly!
Trog accepts your kill.
You start resting.
Magic restored.
You start resting.
You are no longer corroded.
You start resting.
You start resting.
HP restored.
Are you sure you want to abandon this character and quit the game? (Confirm with "yes".)

#########
#.......#####
............
........... #####
.......... #....
#..[...... #....
#.†....... #
#....##+#.@....... .
#................. .
#................. .
#......>.......... .
#........######### #
###......############
# #####..............
# #.............. #
####.............. #


There were no monsters in sight!

Vanquished Creatures
  A sky beast (D:5)
  A hornet zombie (D:6)
  A black bear (D:6)
  An ogre (D:4)
  A centaur (D:3)
  3 scorpions
  A water moccasin skeleton (D:4)
  A howler monkey (D:5)
  A centaur skeleton (D:6)
  2 hounds (D:6)
  A jelly (D:6)
  2 orc priests (D:4)
  A bullfrog skeleton (D:6)
  2 iguanas
  2 orc wizards
  2 hound skeletons
  9 adders
  A shadow imp (D:6)
  4 dart slugs
  21 orcs
  6 bats
  9 endoplasms
  3 giant cockroaches
  7 goblins
  5 hobgoblins
  9 jackals
  3 quokkas
  3 ball pythons
  8 frilled lizards
  7 kobolds
  3 rats
121 creatures vanquished.

Notes
Turn   | Place    | Note
-------+----------+-------------------------------------------
     0 | D:1      | knot the Demonspawn Berserker began the quest for the Orb.
     0 | D:1      | Reached XP level 1. HP: 18/18 MP: 1/1
    31 | D:1      | Reached skill level 3 in Axes
   130 | D:1      | Gained mutation: You have sharp fingernails. [demonic
                  | ancestry]
   130 | D:1      | Reached XP level 2. HP: 17/24 MP: 2/2
   313 | D:1      | Found a faded altar of an unknown god.
  1155 | D:1      | Gained mutation: You regenerate magic rapidly. [demonic
                  | ancestry]
  1155 | D:1      | Reached XP level 3. HP: 26/29 MP: 3/3
  1590 | D:2      | Reached skill level 4 in Axes
  1820 | D:2      | Reached ** piety under Trog
  1932 | D:2      | Found a shimmering altar of Xom.
  2641 | D:2      | Gained mutation: When hurt, damage is shared between your
                  | health and your magic reserves. [demonic ancestry]
  2641 | D:2      | Reached XP level 4. HP: 29/35 MP: 4/4
  2879 | D:3      | Reached skill level 1 in Throwing
  3192 | D:3      | Found Boybryr's Antique Armour Shop.
  3903 | D:3      | Noticed a centaur
  3908 | D:3      | Killed a centaur
  3909 | D:3      | Gained mutation: You have an unusually large brain. (Int
                  | +2) [demonic ancestry]
  3909 | D:3      | Reached XP level 5. HP: 40/41 MP: 2/5
  4178 | D:4      | Found a hide-covered altar of Uskayaw.
  4194 | D:4      | Noticed an ogre
  4202 | D:4      | Killed an ogre
  4203 | D:4      | Reached skill level 5 in Axes
  4411 | D:4      | Found Oleo's Jewellery Shop.
  4420 | D:4      | Found Wupoajuh's Book Boutique.
  4430 | D:4      | Reached XP level 6. HP: 39/47 MP: 4/6
  4768 | D:4      | Found Oduer's Antique Weapon Boutique.
  4777 | D:4      | Found Licub's General Store.
  4817 | D:4      | Found a staircase to the Ecumenical Temple.
  4965 | D:4      | Identified the ring of Zuapaa Ugod {Will+ Str+9 Slay+2}
  5383 | D:4      | Found Fothriffi's Distillery.
  5575 | D:5      | Entered Level 5 of the Dungeon
  5580 | D:5      | Identified the +6 scale mail of the Accordion {rF++ rC+ rN+
                  | Dex-3}
  5816 | D:5      | Reached skill level 6 in Axes
  5820 | D:5      | Gained mutation: Spells you cast may paralyse adjacent
                  | enemies. [demonic ancestry]
  5820 | D:5      | Reached XP level 7. HP: 52/52 MP: 7/7
  6740 | D:6      | Reached skill level 5 in Throwing
  7256 | D:6      | Reached skill level 7 in Axes
  7256 | D:6      | Gained mutation: You have an extremely huge brain. (Int +4)
                  | [demonic ancestry]
  7256 | D:6      | Reached XP level 8. HP: 49/58 MP: 5/8
  7319 | D:6      | Reached *** piety under Trog
  7711 | D:6      | Quit the game

Illustrated notes

Levels and vault maps discovered:
D:1:      roderic_dead_forest, layout_basic,
          shapermc_ecumenical_altar_hornbeckon
D:2:      minmay_chambers_of_ones, layout_loops_ring, basic_altar
D:3:      layout_loops_ring, serial_shops, shop, minmay_misc_feat_four_crosses
D:4:      layout_cave_pods, mainiacjoe_overflow_boulevard,
          minmay_temple_entry_water_ring, serial_shops, shop,
          nicolae_shop_hallway_plus, shop, shop_fountains, shop,
          amcnicky_mini_pool_small, chequers_serial_rivers_large_b,
          minmay_misc_feat_plants
D:5:      layout_loops_ring
D:6:      layout_basic, kennysheep_small_circle

Skill      XL: |  1  2  3  4  5  6  7 |
---------------+----------------------+-----
Axes           | 3 4 5 6 7 |  7.4
Throwing       | 2 3 5 |  5.8
Fighting       | |  3.0
Armour         | |  1.7
Dodging        | |  1.7

Action                   |  1- 3 |  4- 6 |  7- 9 || total
-------------------------+-------+-------+-------++-------
Melee: Hand axe          |   156 |   185 |   151 ||   492
       Punch             |       |     3 |     3 ||     6
Invok: Berserk           |     1 |     4 |     1 ||     6
       Trog's Hand       |       |     1 |     1 ||     2
 Stab: Sleeping          |     2 |       |       ||     2
Armor: Animal skin       |    44 |    34 |       ||    78
       Scale mail        |       |    12 |   110 ||   122
Dodge: Dodged            |   109 |   115 |    62 ||   286

Table legend: (Time is in decaauts)
 A = Elapsed time spent in this place.
 B = Non-inter-level travel time spent in this place.
 C = Inter-level travel time spent in this place.
 D = Time resting spent in this place.
 E = Time spent auto-exploring this place.
 F = Levels seen in this place.
 G = Mean time per level.
                   A        B        C        D        E       F      G
               +--------+--------+--------+--------+--------+-----+--------+
         Total |   7780 |   7480 |    300 |   2085 |   4476 |   6 | 1296.7 |
       Dungeon |   7780 |   7480 |    300 |   2085 |   4476 |   6 | 1296.7 |
               +--------+--------+--------+--------+--------+-----+--------+

Top non-repeatable levels by time:
     D:4: 1463 daAuts
     D:1: 1434 daAuts
     D:2: 1384 daAuts
     D:3: 1362 daAuts
     D:5: 1281 daAuts
     D:6: 853 daAuts
